 Dungeon Crawl Stone Soup version 0.28.0-45-g0d030f2227 (webtiles) character file.

Game seed: 6518099871290959640

132 GigaChad the Slasher (level 4, -5/41 HPs)
             Began as a Minotaur Chaos Knight on Apr 12, 2022.
             Was a Plaything of Xom.
             Slain by an orc
             ... wielding a +0 flail
              (8 damage)
             ... on level 3 of the Dungeon.
             The game lasted 00:06:42 (1713 turns).

GigaChad the Slasher (Minotaur Chaos Knight)        Turns: 1713, Time: 00:06:43

Health: -5/41      AC:  5    Str: 16    XL:     4   Next: 92%
Magic:  3/3        EV: 11    Int:  9    God:    Xom [..*...]
Gold:   90         SH:  0    Dex: 12    Spells: 3/3 levels left

rFire   . . .      SeeInvis .   f - +0 demon whip (freeze)
rCold   . . .      Faith    .   (no shield)
rNeg    . . .      Spirit   .   c - +0 ring mail
rPois   .          Reflect  .   (helmet restricted)
rElec   .          Harm     .   (no cloak)
rCorr   .          Rampage  .   (no gloves)
Will    .....                   (no boots)
Stlth   +.........              (no amulet)
HPRegen 0.13/turn               o - ring of wizardry
MPRegen 0.08/turn               (no ring)

@: no status effects
A: horns 2, retaliatory headbutt
a: Renounce Religion


You were on level 3 of the Dungeon.
You worshipped Xom.
You were a toy of Xom.
You visited 1 branch of the dungeon, and saw 3 of its levels.

You collected 90 gold pieces.

Inventory:

Hand Weapons
 a - a +0 falchion of chaos
 f - a +0 demon whip of freezing (weapon)
Missiles
 i - a throwing net (quivered)
 k - 5 silver boomerangs
Armour
 b - a +2 leather armour
 c - a +0 ring mail (worn)
Magical Staves
 d - a staff of fire
Jewellery
 o - a ring of wizardry (left hand)
Scrolls
 e - a scroll of summoning {unknown}
 g - a scroll of amnesia {unknown}
 h - a scroll of immolation {unknown}
 l - a scroll of holy word {unknown}
Potions
 j - a potion of brilliance {unknown}
 m - a potion of flight {unknown}
 n - a potion of lignification {unknown}


   Skills:
 + Level 4.3 Fighting
 + Level 4.5 Long Blades
 + Level 2.5 Maces & Flails
 + Level 3.4 Armour
 + Level 1.7 Dodging
 + Level 0.8 Stealth


You had 3 spell levels left.
You didn't know any spells.
Your spell library was empty.

Dungeon Overview and Level Annotations

Branches:
Dungeon (3/15)

Altars:
Ashenzari

Shops:
D:1 (   D:3 [


Innate Abilities, Weirdness & Mutations

You have a pair of horns on your head.
You reflexively headbutt those who attack you in melee.


Message History

You closely miss the gnoll. Your headbutt misses the gnoll.
The gnoll is moderately wounded.
The gnoll barely misses you. The orc barely misses you.
You hit the gnoll. You freeze the gnoll.
You headbutt the gnoll, but do no damage.
The gnoll is moderately wounded.
The gnoll barely misses you. The orc barely misses you.
You barely miss the gnoll. You headbutt the gnoll.
The gnoll is heavily wounded.
The gnoll hits you with a +0 whip.
* * * LOW HITPOINT WARNING * * *
The orc barely misses you. You furiously retaliate!
You headbutt the orc, but do no damage. You hit the gnoll.
You freeze the gnoll. You headbutt the gnoll.
You kill the gnoll!
The orc closely misses you.
Things that are here:
a +0 whip; a gnoll corpse You hit the orc.
You freeze the orc.
You kill the orc!
You hit the rat. You freeze the rat.
You kill the rat!
The ball python bites you but does no damage.
The ball python barely misses you.
The ball python bites you but does no damage.
The ball python grabs you. The ball python constricts you.
* * * LOW HITPOINT WARNING * * *
Items here: )) ? [ ††.
You completely miss the ball python. You punch the ball python.
The ball python is severely wounded.
The ball python bites you.
* * * LOW HITPOINT WARNING * * *
The ball python constricts you.
You whack the ball python!
The ball python seems to slow down.
You freeze the ball python.
You kill the ball python!
You hit the orc. You freeze the orc.
The orc is moderately wounded.
The orc hits you with a +0 flail!
You die...

######.##
#.....).....
#..)....#
#....(......
#.......#
#...........
#.......#
#...........
#.......#
#...†.......
#.......# #)#
#.......# #.#
#.......# #o#
#......)######@#+##
#.......'.....)...#
#.......#######...#
######### ∩..# ...#
..... ....## .....
#+####


You could see an orc.

Vanquished Creatures
  2 adders
  6 gnolls
  A dart slug (D:2)
  2 orcs (D:3)
  6 endoplasms
  A giant cockroach (D:1)
  5 goblins
  4 hobgoblins
  2 jackals (D:2)
  2 quokkas
  6 ball pythons
  4 bats
  3 frilled lizards
  4 kobolds
  6 rats
54 creatures vanquished.

Notes
Turn   | Place    | Note
-------+----------+-------------------------------------------
     0 | D:1      | GigaChad the Minotaur Chaos Knight began the quest for the
                  | Orb.
     0 | D:1      | Reached XP level 1. HP: 19/19 MP: 0/0
    24 | D:1      | XOM: divination: magic mapping
    84 | D:1      | Found Zeppoup's Weapon Shop.
   377 | D:1      | Reached XP level 2. HP: 27/27 MP: 1/1
   379 | D:1      | XOM: silly message
   716 | D:1      | XOM: enchant monster (good)
   742 | D:1      | Found a faded altar of an unknown god.
  1005 | D:2      | XOM: cloud trail
  1050 | D:2      | Reached skill level 1 in Maces & Flails
  1050 | D:2      | Reached XP level 3. HP: 33/33 MP: 2/2
  1167 | D:2      | Reached XP level 4. HP: 40/40 MP: 3/3
  1399 | D:2      | Found a broken altar of Ashenzari.
  1489 | D:2      | XOM: enchant monster (bad)
  1664 | D:3      | Found Giamo's Antique Armour Shoppe.
  1675 | D:3      | XOM: enchant monster (good)
  1697 | D:3      | XOM: enchant monster (good)
  1713 | D:3      | Slain by an orc

Illustrated notes

Levels and vault maps discovered:
D:1:      dpeg_arrival_water_temple_mockup, layout_basic,
          ebering_ecumenical_altar_hall, serial_shops, nicolae_shop_waterfront
D:2:      layout_basic, basic_altar
D:3:      layout_basic, serial_shops, shop, nicolae_shop_hallway_plus, shop,
          nicolae_shop_stone

Skill      XL: |  1  2  3  4 |
---------------+-------------+-----
Fighting       | 4 |  4.3
Long Blades    | 4 |  4.5
Maces & Flails | 1 2 |  2.5
Armour         | 3 |  3.4
Dodging        | |  1.7
Stealth        | |  0.8

Action                   |  1- 3 |  4- 6 || total
-------------------------+-------+-------++-------
Melee: Falchion          |    27 |       ||    27
       Headbutt          |    11 |    10 ||    21
       Demon whip        |    28 |    57 ||    85
       Punch             |       |     1 ||     1
 Stab: Petrified         |     3 |     1 ||     4
       Petrifying        |       |     1 ||     1
Armor: Leather armour    |    20 |       ||    20
       Ring mail         |    20 |    22 ||    42
Dodge: Dodged            |    33 |    48 ||    81
